 Dungeon Crawl Stone Soup version 0.22-a0-422-g9628fc87f1 (webtiles) character file.

322 Kriby the Ducker (level 6, -1/32 HPs)
             Began as a Spriggan Gladiator on May 19, 2018.
             Was a Follower of Uskayaw.
             Slain by a slave (7 damage)
             ... led by Pikel
             ... on level 4 of the Dungeon.
             The game lasted 00:03:20 (4745 turns).

Kriby the Ducker (Spriggan Gladiator)               Turns: 4745, Time: 00:03:21

Health: -1/32      AC:  2    Str: 12    XL:     6   Next: 22%
Magic:  7/7        EV: 22    Int: 10    God:    Uskayaw [*.....]
Gold:   190        SH:  0    Dex: 17    Spells: 5/5 levels left

rFire    . . .     SeeInvis +   a - +0 quarterstaff
rCold    . . .     Gourm    .   (shield currently unavailable)
rNeg     . . .     Faith    .   b - +0 robe
rPois    +         Spirit   .   c - +0 hat
rElec    .         Reflect  .   (no cloak)
rCorr    .         Harm     .   (gloves unavailable)
MR       +....                  (boots unavailable)
Stlth    ++........             (no amulet)
HPRegen  0.10/turn              o - ring of poison resistance
MPRegen  0.10/turn              (no ring)

@: starving, very quick
A: very small, unfitting armour, see invisible, herbivore, speed 3, slow
metabolism 2
a: Stomp, Renounce Religion


You were on level 4 of the Dungeon.
You worshipped Uskayaw.
Uskayaw was noncommittal.
You were starving.

You visited 1 branch of the dungeon, and saw 4 of its levels.

You collected 190 gold pieces.

Inventory:

Hand Weapons
 a - a +0 quarterstaff (weapon)
Missiles
 d - 3 throwing nets (quivered)
Armour
 b - a +0 robe (worn)
 c - a +0 hat (worn)
Jewellery
 o - a ring of poison resistance (left hand)
Scrolls
 e - 3 scrolls of enchant weapon {unknown}
 h - 2 scrolls of identify {unknown}
 i - 2 scrolls of teleportation {unknown}
 j - a scroll of blinking {unknown}
 k - a scroll of enchant armour {unknown}
 m - a scroll of random uselessness {unknown}
Potions
 g - a potion of curing {@q1}
 l - a potion of brilliance {unknown}
 n - a potion of cancellation {unknown}
Comestibles
 f - 7 rations {@e1}


   Skills:
 + Level 3.0 Fighting
 * Level 3.9 Staves
 - Level 2.0 Throwing
 + Level 6.2 Dodging
 + Level 1.1 Invocations


You had 5 spell levels left.
You didn't know any spells.
Your spell library was empty.

Dungeon Overview and Level Annotations

Branches:
Dungeon (4/15)
 Temple: D:4-7

Altars:
Ashenzari
Gozag
Hepliaklqana
Kikubaaqudgha
Okawaru
Ru
Sif Muna
Uskayaw

Annotations:
D:4 Pikel


Innate Abilities, Weirdness & Mutations

You are very small and have problems with some larger weapons.
You are too small for most types of armour.
You have supernaturally acute eyesight. (SInv)
You are a herbivore.
You cover ground extremely quickly.
You need to consume almost no food.


Message History

The slave is severely wounded.
The slave hits you.
A slave is nearby!
You are starving!
You hit the slave but do no damage.
The slave is severely wounded.
The slave hits you!
* * * LOW HITPOINT WARNING * * *
You need to eat something NOW!
You need to eat something NOW!
You are too injured to fight recklessly!
You need to eat something NOW!
You are too injured to fight recklessly!
You hit the slave.
The slave is almost dead.
The slave barely misses you.
You hit the slave but do no damage.
The slave is almost dead.
The slave hits you!
You die...

..##...#....
..#.....$.. #........#
###........#
##...........#.
###..##....#.#...
#>#..........#....)
#.#...###..........
#.#@.###.....#.....
#.#p###..#......##..
####...##.......##.##..
#..........###.....##.#
#..........# #.##..#...
#..........###[##....#.
#..........p...#...###.
#..........#.......<##.
#.###..###...##........


You could see a slave.

Vanquished Creatures
  A howler monkey (D:4)
  A hound (D:4)
  An orc priest (D:3)
  An iguana (D:4)
  2 worker ants (D:4)
  7 adders
  A dart slug (D:2)
  6 leopard geckos
  8 orcs
  4 bats
  6 giant cockroaches
  12 goblins
  9 hobgoblins
  10 frilled lizards
  A jackal skeleton (D:4)
  2 kobolds
  6 rats
78 creatures vanquished.

Notes
Turn   | Place    | Note
-------+----------+-------------------------------------------
     0 | D:1      | Kriby the Spriggan Gladiator began the quest for the Orb.
     0 | D:1      | Reached XP level 1. HP: 10/10 MP: 2/2
   292 | D:1      | Reached XP level 2. HP: 15/15 MP: 3/3
   688 | D:2      | Reached XP level 3. HP: 3/18 MP: 4/4
   880 | D:2      | Reached skill level 5 in Dodging
  1689 | D:2      | Reached XP level 4. HP: 23/23 MP: 5/5
  2082 | D:2      | Found a hazy altar of Hepliaklqana.
  2319 | D:3      | Found an iron altar of Okawaru.
  2912 | D:3      | Reached XP level 5. HP: 8/27 MP: 6/6
  3265 | D:3      | Found an opulent altar of Gozag.
  3266 | D:3      | Found an iron altar of Okawaru.
  3266 | D:3      | Found a sacrificial altar of Ru.
  3268 | D:3      | Found an ancient bone altar of Kikubaaqudgha.
  3271 | D:3      | Found a hide-covered altar of Uskayaw.
  3271 | D:3      | Found a shattered altar of Ashenzari.
  3272 | D:3      | Found a deep blue altar of Sif Muna.
  3338 | D:3      | Became a worshipper of Uskayaw the Reveler
  3677 | D:3      | Reached * piety under Uskayaw
  3947 | D:4      | Reached ** piety under Uskayaw
  3953 | D:4      | Reached *** piety under Uskayaw
  4217 | D:4      | Noticed a slave
  4219 | D:4      | Noticed Pikel
  4219 | D:4      | Noticed a slave
  4223 | D:4      | Noticed a slave
  4224 | D:4      | Noticed a slave
  4229 | D:4      | Reached skill level 6 in Dodging
  4403 | D:4      | Reached XP level 6. HP: 31/32 MP: 7/7
  4408 | D:4      | Reached skill level 1 in Invocations
  4745 | D:4      | Slain by a slave

Vault maps used:
D:1:      giann_forest_graveyard
D:2:      lemuel_doored_altar, st_stairs_9
D:3:      grunt_temple_overflow_open, first_ration, okawaru_trees_2
D:4:      grunt_ministairs_10, nicolae_ru_sacrificial_ziggurat, uniq_pikel

Skill      XL: |  1  2  3  4  5  6 |
---------------+-------------------+-----
Fighting       | 2 3 |  3.0
Dodging        | 5 6 |  6.2
Staves         | 3 |  3.9
Invocations    | 1 |  1.1
Throwing       | |  2.0

Action                   |  1- 3 |  4- 6 || total
-------------------------+-------+-------++-------
Melee: Quarterstaff      |    90 |   193 ||   283
Invok: Stomp             |       |     1 ||     1
  Use: Potion            |     1 |     1 ||     2
 Stab: Sleeping          |     4 |       ||     4
       Paralysed         |       |     1 ||     1
Armor: Robe              |     6 |    13 ||    19
Dodge: Dodged            |    81 |   196 ||   277

Table legend:
 A = Spawn XP
 B = Non-spawn XP
 C = Spawn XP percentage of total XP
 D = Spawn monster count
 E = Non-spawn monster count
 F = Spawn count percentage of total count
 G = Total turns spent on level
                    A         B        C        D         E        F      G
               +---------+---------+-------+---------+---------+-------+---------
         Total |       0 |     460 |   0.0 |       0 |      78 |   0.0 |  4745
               +---------+---------+-------+---------+---------+-------+---------
           D:1 |       0 |      21 |   0.0 |       0 |      13 |   0.0 |   657
           D:2 |       0 |      82 |   0.0 |       0 |      26 |   0.0 |  1741
           D:3 |       0 |     128 |   0.0 |       0 |      26 |   0.0 |  2128
           D:4 |       0 |     229 |   0.0 |       0 |      13 |   0.0 |   219
               +---------+---------+-------+---------+---------+-------+---------
